 Dungeon Crawl Stone Soup version 5.7-8-g3a8b389 (webtiles) character file.

1108 Sir the Spear-Bearer (level 9, -4/61 HPs)
             Began as a Demonspawn Skald on Sept 5, 2018.
             Was a Believer of Yredelemnul.
             Slain by a two-headed ogre
             ... wielding a +0 giant club
              (27 damage)
             ... on level 9 of the Dungeon.
             The game lasted 00:15:30 (7125 turns).

Sir the Spear-Bearer (Demonspawn Skald)             Turns: 7125, Time: 00:15:31

Health: -4/61      AC: 10 (24%)Str: 20  XL:     9   Next: 58%
Magic:  7/7        EV: 16    Int: 16    God:    Yredelemnul [2*[55]]
Gold:   557        SH:  0    Dex: 21    Spells: 5/16 levels left

rFire    + . .     SeeInvis .   p - +0 trident
rCold    . . .     Faith    .   (no shield)
rNeg     . . .     Spirit   .   I - +1 ring mail "Yligisi" {rCorr Int+3 Dex+2 Stlth-}
rPois    .         Reflect  .   (no helmet)
rElec    .                      u - +0 cloak
rCorr    +                      F - +0 pair of gloves
MR       .....                  (no boots)
Stlth    +++.......             (no amulet)
Regen    0.7/turn               c - +3 ring of protection
MPRegen  0.2/turn               r - +5 ring of strength

@: agile, regenerating
A: talons 1, icy blue scales 1, deformed body, fire resistance 1, powered by
pain 2, agile potions
a: End Regeneration, Stop Singing, Recall Enslaved Soul, Injury Mirror, Enslave
Soul, Renounce Religion


You were on level 9 of the Dungeon.
You worshipped Yredelemnul.
Yredelemnul was pleased with you.
You were not hungry.

You visited 1 branch of the dungeon, and saw 9 of its levels.

You collected 557 gold pieces.

Inventory:

Hand Weapons
 a - a +0 spear
 p - a +0 trident (weapon)
Missiles
 f - 254 tomahawks (quivered)
 q - 81 poisoned darts
 G - 68 javelins
Armour
 b - a +0 leather armour
 d - a +0 helmet
 g - a +1 leather armour of cold resistance
 u - a +0 cloak (worn)
 C - a +2 robe of fire resistance
 F - a +0 pair of gloves (worn)
 I - the +1 ring mail "Yligisi" (worn) {rCorr Int+3 Dex+2 Stlth-}
   (You found it on level 8 of the Dungeon)

   It affects your intelligence (+3).
   It affects your dexterity (+2).
   It protects you from acid and corrosion.
   It makes you less stealthy.
Jewellery
 c - a +3 ring of protection (left hand)
 j - an uncursed ring of resist corrosion
 m - an uncursed ring of fire
 n - an uncursed amulet of guardian spirit
 r - a +5 ring of strength (right hand)
 t - an uncursed ring of ice
 H - a +5 ring of strength
Wands
 v - a wand of digging (9)
 J - a wand of iceblast (6)
Scrolls
 e - 6 scrolls of teleportation
 i - 4 scrolls of amnesia
 k - 2 scrolls of fog
 l - a scroll of fear
 o - a scroll of magic mapping
 w - 2 scrolls of enchant armour
 y - 2 scrolls of enchant weapon
Potions
 h - 3 potions of flight
 s - a potion of resistance
 x - a potion of augmentation
 z - a potion of ambrosia
 A - a potion of haste
 B - 2 potions of invisibility
 D - a potion of cancellation
 E - a potion of berserk rage
 K - a potion of magic


   Skills:
 - Level 2.0 Fighting
 * Level 9.1 Polearms
 - Level 0.8 Armour
 - Level 0.8 Dodging
 - Level 4.4 Stealth
 + Level 7.4 Charms
 + Level 2.4 Summonings
 + Level 3.5 Invocations


You had 5 spell levels left.
You knew the following spells:

 Your Spells              Type           Power        Failure   Level  Hunger
a - Infusion              Chrm           23 (25)      1%          1    N/A
b - Regeneration          Chrm/Necr      11 (200)     28%         3    N/A
c - Song of Slaying       Chrm           23 (100)     3%          2    N/A
d - Spectral Weapon       Chrm/Summ      15 (100)     83%         5    N/A

Your spell library contained the following spells:

 Spells                   Type           Power        Failure   Level  Hunger
 Ozocubu's Armour         Chrm/Ice       11 (100)     67%         4    N/A

Dungeon Overview and Level Annotations

Branches:
Dungeon (9/15)

Altars:
Cheibriados
Dithmenos
Elyvilon
Gozag
Jiyva
Kikubaaqudgha
Lugonu
Makhleb
Nemelex Xobeh
Okawaru
Qazlal
Ru
Sif Muna
Trog
Uskayaw
Vehumet
Wu Jian
Xom
Yredelemnul
Zin
The Shining One


Innate Abilities, Weirdness & Mutations

You have sharp toenails.
You are partially covered in icy blue scales. (AC +2)
You sometimes gain power by taking damage.
Armour fits poorly on your strangely shaped body.
Your flesh is heat resistant. (rF+)
Quaffing potions temporarily makes you agile.


Message History

The bullfrog misses you.
You miss the bullfrog. Your kick misses the bullfrog.
The bullfrog is heavily wounded.
The bullfrog completely misses you. The bullfrog misses you.
You hit the bullfrog (5). Your kick misses the bullfrog.
The bullfrog is severely wounded.
The bullfrog closely misses you.
You puncture the bullfrog (12)!
You kill the bullfrog!
Yredelemnul accepts your kill.
Your spectral ogre is recalled.
Your enslaved soul returns to your service.
Your spectral ogre hits the two-headed ogre with a +0 giant club (26)!!
You hit the two-headed ogre (3).
The two-headed ogre is heavily wounded.
The two-headed ogre hits you with a +0 giant club (25)!!
The two-headed ogre hits you with a +0 giant club (27)!!
You die...
Your body rises from the dead as a mindless zombie.

........#### ...........##
............###
)........#....###
.#.........#....##
.#..............[#########
..####..#................#
#. ##.#######.######...# #
#.# #.@#####.### ..
..####.O#.....#
.......Z...########
..######...........
##>......... ##.........
##........ #........
#........


You could see a two-headed ogre and a friendly spectral ogre.

Vanquished Creatures
  A wyvern (D:7)
  A water moccasin (D:8)
  Duvessa (D:7)
  An orc warrior (D:6)
  An ice beast (D:7)
  2 black bears (D:8)
  3 ogres
  A bullfrog (D:9)
  A wyvern zombie (D:8)
  Dowan (D:7)
  A water moccasin zombie (D:6)
  6 scorpions
  A crimson imp (D:4)
  3 killer bees (D:8)
  A howler monkey (D:4)
  A wasp zombie (D:9)
  3 quasits
  3 hounds
  A jelly (D:7)
  4 orc priests
  15 orc wizards
  3 centaur skeletons
  Jessica (D:2)
  5 worker ants
  2 iguanas (D:4)
  2 hound zombies
  A howler monkey zombie (D:5)
  8 adders
  An ooze (D:1)
  An adder skeleton (D:4)
  5 dart slugs
  47 orcs
  5 quokkas
  4 ball pythons
  2 giant cockroaches
  7 goblins
  5 hobgoblins
  14 jackals
  6 bats
  4 frilled lizards
  A jackal skeleton (D:4)
  9 kobolds
  10 rats
195 creatures vanquished.

Vanquished Creatures (collateral kills)
  A centaur skeleton (D:9)
1 creature vanquished.

Vanquished Creatures (others)
  2 spectral ogres (D:9)
2 creatures vanquished.

Grand Total: 198 creatures vanquished

Notes
Turn   | Place    | Note
-------+----------+-------------------------------------------
     0 | D:1      | Sir the Demonspawn Skald began the quest for the Orb.
     0 | D:1      | Reached XP level 1. HP: 16/16 MP: 2/2
    26 | D:1      | Reached skill level 2 in Polearms
   104 | D:1      | Gained mutation: You sometimes gain a little power by taking damage. [demonic ancestry]
   104 | D:1      | Reached XP level 2. HP: 8/22 MP: 3/3
   548 | D:1      | Gained mutation: You have sharp toenails. [demonic ancestry]
   548 | D:1      | Reached XP level 3. HP: 19/27 MP: 5/5
   839 | D:1      | Gained mutation: You have a beak for a mouth. [mutagenic hatch]
  1307 | D:2      | Found an opulent altar of Gozag.
  1316 | D:2      | Reached skill level 3 in Polearms
  1360 | D:2      | Found a bloodstained altar of Trog.
  1408 | D:2      | Found a shadowy altar of Dithmenos.
  1512 | D:2      | Found an iron altar of Okawaru.
  1525 | D:2      | Reached XP level 4. HP: 33/33 MP: 6/6
  1547 | D:2      | Noticed Jessica
  1551 | D:2      | Killed Jessica
  1572 | D:2      | Found a burning altar of Makhleb.
  2021 | D:2      | Gained mutation: You have razor-sharp toenails. [mutagenic hatch]
  2061 | D:3      | Reached skill level 4 in Polearms
  2061 | D:3      | Reached XP level 5. HP: 14/38 MP: 8/8
  2068 | D:3      | Learned a level 3 spell: Regeneration
  2069 | D:3      | Learned a level 2 spell: Song of Slaying
  2345 | D:3      | Noticed a dagger
  2345 | D:3      | Noticed a hand axe
  2347 | D:3      | Found a hide-covered altar of Uskayaw.
  2490 | D:3      | Found a shimmering altar of Xom.
  2915 | D:3      | Gained mutation: You sometimes gain power by taking damage. [demonic ancestry]
  2915 | D:3      | Reached XP level 6. HP: 40/44 MP: 7/7
  3072 | D:3      | Found a radiant altar of Vehumet.
  3177 | D:3      | Gained mutation: You are occasionally teleported next to monsters. [mutagenic hatch]
  3222 | D:4      | Reached skill level 1 in Stealth
  3286 | D:4      | Reached skill level 5 in Polearms
  3295 | D:4      | Reached skill level 5 in Charms
  3459 | D:4      | Found a deep blue altar of Sif Muna.
  3672 | D:4      | Found a viscous altar of Jiyva.
  3769 | D:4      | Reached XP level 7. HP: 50/50 MP: 2/2
  3856 | D:4      | Found a corrupted altar of Lugonu.
  4044 | D:5      | Entered Level 5 of the Dungeon
  4110 | D:5      | Reached skill level 6 in Polearms
  4268 | D:5      | Reached XP level 8. HP: 26/56 MP: 2/9
  4357 | D:5      | Found a basalt altar of Yredelemnul.
  4357 | D:5      | Found a white marble altar of Elyvilon.
  4369 | D:5      | Found a sacrificial altar of Ru.
  4369 | D:5      | Found a glowing golden altar of the Shining One.
  4381 | D:5      | Became a worshipper of Yredelemnul the Dark
  4428 | D:5      | Found a deep blue altar of Sif Muna.
  4700 | D:5      | Found an ornate altar of the Wu Jian Council.
  4792 | D:5      | Found a glowing silver altar of Zin.
  4854 | D:5      | Gained mutation: You shine softly (Stealth---). [mutagenic hatch]
  4951 | D:6      | Found a snail-covered altar of Cheibriados.
  5109 | D:6      | Reached skill level 7 in Polearms
  5145 | D:6      | Reached * piety under Yredelemnul
  5521 | D:7      | Noticed Duvessa
  5522 | D:7      | Noticed Dowan
  5536 | D:7      | Killed Duvessa
  5537 | D:7      | Reached skill level 8 in Polearms
  5543 | D:7      | Killed Dowan
  5607 | D:7      | Learned a level 5 spell: Spectral Weapon
  5642 | D:7      | Found a sparkling altar of Nemelex Xobeh.
  5664 | D:7      | Found a stormy altar of Qazlal.
  5666 | D:7      | Found an ancient bone altar of Kikubaaqudgha.
  5685 | D:7      | Reached ** piety under Yredelemnul
  5685 | D:7      | Gained mutation: You are partially covered in icy blue scales. (AC +2) [demonic ancestry]
  5685 | D:7      | Reached XP level 9. HP: 61/61 MP: 7/7
  5724 | D:7      | Reached skill level 1 in Summonings
  5724 | D:7      | Reached skill level 1 in Invocations
  6098 | D:7      | Gained mutation: You have claws for feet. [mutagenic hatch]
  6129 | D:8      | Got the +1 ring mail "Yligisi" {rCorr Int+3 Dex+2 Stlth-}
  6666 | D:8      | Reached skill level 9 in Polearms
  6937 | D:8      | Lost mutation: You shine softly (Stealth---). [potion of mutation]
  6937 | D:8      | Lost mutation: You are occasionally teleported next to monsters. [potion of mutation]
  6937 | D:8      | Lost mutation: You have claws for feet. [potion of mutation]
  6937 | D:8      | Lost mutation: You have a beak for a mouth. [potion of mutation]
  6937 | D:8      | Lost mutation: You have razor-sharp toenails. [potion of mutation]
  6937 | D:8      | Gained mutation: Your flesh is heat resistant. (rF+) [potion of mutation]
  6937 | D:8      | Gained mutation: Armour fits poorly on your strangely shaped body. [potion of mutation]
  6937 | D:8      | Gained mutation: Quaffing potions temporarily makes you agile. [potion of mutation]
  7002 | D:9      | Noticed a two-headed ogre
  7125 | D:9      | Slain by a two-headed ogre

Skill      XL: |  1  2  3  4  5  6  7  8  9 |
---------------+----------------------------+-----
Polearms       | 2 3 4 5 6 8 9 |  9.1
Charms         | 4 5 6 7 |  7.4
Stealth        | 2 3 4 |  4.4
Summonings     | 2 |  2.4
Invocations    | 3 |  3.5
Fighting       | |  2.0
Armour         | |  0.8
Dodging        | |  0.8

Action                   |  1- 3 |  4- 6 |  7- 9 || total
-------------------------+-------+-------+-------++-------
Melee: Spear             |   153 |    90 |       ||   243
       Kick              |    11 |    36 |    99 ||   146
       Peck              |     5 |    26 |    55 ||    86
       Trident           |       |    69 |   340 ||   409
 Cast: Song of Slaying   |       |     1 |       ||     1
       Regeneration      |       |     1 |       ||     1
Invok: Enslave Soul      |       |       |     1 ||     1
  Use: Potion            |       |       |     1 ||     1
 Stab: Sleeping          |     2 |     2 |     2 ||     6
Armor: Leather armour    |    48 |    28 |    91 ||   167
       Ring mail         |       |       |    21 ||    21
       Robe              |       |       |     6 ||     6
Dodge: Dodged            |    72 |    66 |   187 ||   325
